 Dungeon Crawl Stone Soup version 0.17-a0-1775-g10da671 (webtiles) character file.

126 Psiweapon the Cudgeler (level 4, 0/35 HPs)
             Began as a Mummy Fighter on Sept 8, 2015.
             Slain by a goblin
             ... wielding a +0 dagger
              (1 damage)
             ... on level 3 of the Dungeon.
             The game lasted 00:07:26 (2517 turns).

Psiweapon the Cudgeler (Mummy Fighter)              Turns: 2517, Time: 00:07:26

Health: 0/35       AC:  6    Str: 20    XL:     4   Next: 84%
Magic:  4/4        EV:  7    Int:  7    God:
Gold:   146        SH:  8    Dex: 11    Spells: 0 memorised, 3 levels left

rFire  x . .     SeeInvis .     a - +0 flail
rCold  + . .     Clarity  .     b - +0 scale mail
rNeg   + + +     SustAt   .     c - +0 shield
rPois  ∞         Gourm    .     (no helmet)
rElec  .         Spirit   .     (no cloak)
rCorr  .         Warding  .     (no gloves)
rMut   .         Stasis   .     (no boots)
MR     .....                    (no amulet)
Stlth  ..........               (no ring)
                                (no ring)

@: not resistant to hostile enchantments, extremely unstealthy
A: no food or potions, fire vulnerability, cold resistance 1, negative energy
resistance 3, torment resistance, unbreathing
a: no special abilities


You were on level 3 of the Dungeon.
You were not hungry.

You visited 1 branch of the dungeon, and saw 3 of its levels.

You collected 146 gold pieces.

Inventory:

Hand weapons
 a - a +0 flail (weapon)
 g - a +5 hand axe
Missiles
 i - 53 stones
 j - 10 bolts of flame
 k - 2 javelins (quivered)
Armour
 b - a +0 scale mail (worn)
 c - a +0 shield (worn)
Scrolls
 d - a scroll of identify
 e - 2 scrolls of teleportation
 f - a scroll of amnesia {unknown}
 h - 4 scrolls of enchant weapon {unknown}


   Skills:
 - Level 3.0 Fighting
 + Level 4.2 Maces & Flails
 - Level 2.4 Armour
 - Level 2.4 Shields


You had 3 spell levels left.
You didn't know any spells.

Dungeon Overview and Level Annotations

Branches:
Dungeon (3/15)

Altars:
Ashenzari
Nemelex Xobeh


Innate Abilities, Weirdness & Mutations

You do not eat or drink.
Your flesh is vulnerable to fire.
You are immune to poison.
Your flesh is cold resistant.
You are immune to negative energy.
You are immune to unholy pain and torment.
You can survive without breathing.


Message History

The goblin closely misses you.
You hit the centaur.
The centaur is severely wounded.
The centaur hits you!
* * * LOW HITPOINT WARNING * * *
The centaur hits you.
* * * LOW HITPOINT WARNING * * *
The goblin barely misses you.
You can't drink.
You aren't carrying any items that can be evoked.
Read which item? (? for menu, Esc to quit)
As you read the scroll labeled GITEMPAIR, it crumbles to dust.
It is a scroll of identify.
Identify which item? (\ to view known items) (? for menu, Esc to quit)
You don't have any such object.
Identify which item? (\ to view known items) (? for menu, Esc to quit)
e - 2 scrolls of teleportation The centaur hits you but does no damage.
The goblin hits you with a dagger.
You die...

#.. .. #/# #.#.#
........ # #.#.#.#
#..>.... #.#.#s#.#.#
.
..########.Kcg......#
.
..........#@#.#.#.#.
..
.........((.g......
...
.#####.###.#.#.#.#..#
#.# #####.#....#
#†##### #...#..#.
#.....###<.......
###.........#####
#.......#.#
#...........


You could see a centaur, a giant cockroach, a hobgoblin, a goblin and a kobold.

Vanquished Creatures
  7 adders
  4 worms
  A giant gecko (D:1)
  10 bats
  4 giant cockroaches
  7 goblins
  7 hobgoblins
  3 jackals (D:1)
  5 kobolds (D:1)
  A quokka (D:2)
  A ball python (D:2)
  A giant newt (D:1)
  5 rats
56 creatures vanquished.

Notes
Turn   | Place    | Note
--------------------------------------------------------------
     0 | D:1      | Psiweapon the Mummy Fighter began the quest for the Orb.
     0 | D:1      | Reached XP level 1. HP: 18/18 MP: 1/1
   130 | D:1      | Reached XP level 2. HP: 20/24 MP: 2/2
   507 | D:1      | Reached XP level 3. HP: 19/29 MP: 3/3
  1628 | D:2      | Reached XP level 4. HP: 32/35 MP: 4/4
  2087 | D:2      | Reached skill level 4 in Maces & Flails
  2358 | D:2      | Found a shattered altar of Ashenzari.
  2367 | D:2      | Found a sparkling altar of Nemelex Xobeh.
  2507 | D:3      | Noticed a centaur
  2516 | D:3      | HP: 1/35 [centaur (3)]
  2517 | D:3      | Slain by a goblin

Vault maps used:
D:1:      sevenhm_arrival_forest_fort_large_4, minmay_surrounded
D:2:      amethyst_overflow_temple_binary, grunt_ministairs_11,
          kennysheep_doodads
D:3:      grunt_temple_overflow_forces_of_nature, st_stairs_9,
          dk_yredelemnul_ordeal, uniq_sigmund

Action                   |  1- 3 |  4- 6 || total
-------------------------+-------+-------++-------
Melee: Flail             |   187 |    75 ||   262
Throw: Stone             |       |    18 ||    18
       Javelin           |       |     2 ||     2
  Use: Scroll            |       |     1 ||     1
